Map: Ulrena

Players

Spartak

  • Race: Terran Terran
  • League: Diamond

SouL - Winner!

  • Race: Zerg Zerg
  • League: Diamond

VOD

Have the link to the VOD?

Description

Time

  • Played on: Dec. 22, 2015, 9:30 a.m.
  • Length: 11:04
Show
View Real Time Build Order
Export as new Build Order

Spartak Terran 

Build Orders: Reaper Expand, MMM Bio 

Get SALT Encoding   

  12  0:01  SCV  
  13  0:13  SCV  
  14  0:18  Supply Depot  
  14  0:25  SCV  
  15  0:39  SCV  
  15  0:42  Barracks  
  16  0:46  Refinery  
  16  0:51  SCV  
  17  1:03  SCV  
  18  1:16  SCV  
  19  1:29  Orbital Command  
  19  1:33  Reaper  
  20  1:46  Command Center  
  20  1:54  SCV  
  20  1:58  Refinery  
  21  2:03  Supply Depot  
  21  2:05  Reaper  
  21  2:06  SCV  
  23  2:24  SCV  
  24  2:37  SCV  
  25  2:38  Barracks Reactor  
  25  2:39  Factory  
  25  2:49  SCV  
  26  3:01  SCV  
  26  3:02  Orbital Command  
  27  3:08  Barracks  
  27  3:13  SCV  
  28  3:23  Barracks Reactor  
  28  3:25  SCV  
  29  3:37  SCV, Hellion x2  
  29  3:41  SCV, Supply Depot  
  35  3:49  SCV  
  35  3:50  Starport  
  35  3:53  SCV  
  37  3:56  Barracks Tech Lab  
  37  4:01  SCV  
  38  4:02  Bunker  
  38  4:05  Hellion x2  
  42  4:10  SCV  
  42  4:12  Supply Depot  
  39  4:33  SCV, Hellion x2  
  39  4:35  Marine x2  
  39  4:36  Marine  
  47  4:41  Supply Depot, Viking  
  47  4:43  SCV  
  48  4:55  Marine x2  
  46  5:13  SCV  
  44  5:23  SCV  
  45  5:29  SCV  
  45  5:32  Marine x3  
  45  5:34  Stimpack  
  49  5:38  SCV  
  50  5:44  Barracks  
  50  5:45  Barracks  
  50  5:48  SCV  
  50  5:49  Command Center  
  51  5:50  Marine  
  51  5:51  Supply Depot  
  51  5:53  Engineering Bay  
  51  5:54  SCV  
  53  6:00  SCV  
  53  6:04  Marauder, Refinery x2, Marine  
  57  6:07  SCV  
  57  6:08  Marine  
  59  6:11  Barracks  
  59  6:12  SCV  
  59  6:14  Supply Depot  
  60  6:19  SCV  
  60  6:21  Marine  
  60  6:22  Terran Infantry Weapons Level 1  
  60  6:24  Engineering Bay  
  60  6:25  Marine x2  
  63  6:29  Medivac x2  
  63  6:30  SCV  
  69  6:35  SCV  
  69  6:38  Barracks Tech Lab  
  69  6:39  Barracks Reactor, Marine  
  71  6:42  Supply Depot x2  
  71  6:43  SCV, Marauder  
  74  6:52  Liberator  
  74  6:53  Supply Depot, Terran Infantry Armor Level 1  
  74  6:54  Liberator  
  74  6:55  SCV  
  74  6:56  Marine x2  
  74  6:57  Marine  
  74  7:01  Barracks Reactor  
  78  7:04  SCV, Armory  
  78  7:05  Marauder  
  78  7:07  SCV  
  82  7:14  Marauder, Marine  
  82  7:15  Marine  
  92  7:16  SCV  
  93  7:24  Marine  
  93  7:25  Marine  
  93  7:27  Supply Depot  
  93  7:29  Supply Depot  
  95  7:31  Combat Shields  
  95  7:33  Marine  
  95  7:36  Marauder  
  98  7:40  Marine  
  98  7:41  Marine  
  98  7:43  SCV  
  98  7:44  Marauder  
  102  7:57  Marauder  
  101  8:01  Supply Depot  
  101  8:02  Terran Ship Weapons Level 1  
  101  8:03  Marine  
  101  8:04  Marine  
  101  8:05  Supply Depot, Marauder, Marine x4  
  97  8:10  SCV  
  97  8:12  Orbital Command  
  94  8:15  Medivac  
  94  8:18  Marauder  
  94  8:19  Medivac  
  100  8:20  SCV  
  100  8:21  Marine  
  102  8:28  Marauder, Marine  
  105  8:36  Starport  
  105  8:38  SCV  
  105  8:39  Marine x3  
  105  8:40  Marauder  
  111  8:42  Marine  
  111  8:45  Medivac  
  111  8:47  SCV  
  115  8:49  Medivac  
  115  8:50  Marauder  
  119  9:01  Marauder  
  121  9:08  Supply Depot  
  121  9:09  Supply Depot  
  121  9:11  Marauder, Marine x6  
  121  9:12  SCV  
  121  9:13  SCV, Medivac  
  133  9:22  Marine  
  133  9:28  Concussive Shells, Marine  
  133  9:29  Marine  
  133  9:30  Marine  
  135  9:32  Marauder  
  135  9:34  Marine  
  138  9:40  Marauder  
  138  9:42  Marine  
  138  9:45  Marine  
  142  9:46  Marine x2  
  142  9:51  Barracks  
  138  9:54  Barracks, Marauder  
  138  9:56  Supply Depot x2, Marine  
  138  9:57  Barracks  
  140  10:02  Marine x2, Marauder  
  140  10:05  Refinery  
  144  10:15  Marauder  
  144  10:17  Marine x4  
  144  10:20  Medivac, Marine x2  
  154  10:23  Marauder  
  156  10:35  Marine x4  
  165  10:37  Marauder  
  163  10:53  Barracks Tech Lab  
  163  10:55  Barracks Tech Lab  
Show
View Real Time Build Order
Export as new Build Order

SouL Zerg - Winner!

Build Orders: Hatch First, Lurkers, Muta Ling Bane 

Get SALT Encoding   

  12  0:01  Drone  
  13  0:13  Overlord  
  13  0:19  Drone  
  14  0:25  Drone, Extractor  
  15  0:32  Drone  
  15  0:35  Drone  
  17  0:57  Hatchery  
  17  0:59  Drone  
  17  1:04  Extractor  
  17  1:09  Drone  
  17  1:22  Drone  
  18  1:26  Spawning Pool  
  18  1:30  Drone  
  18  1:38  Drone  
  19  1:45  Drone  
  20  1:52  Drone  
  21  2:00  Overlord  
  21  2:13  Queen x2  
  25  2:18  Zergling x4  
  27  2:25  Extractor  
  27  2:28  Extractor  
  25  2:32  Drone x2  
  25  2:33  Metabolic Boost  
  27  2:41  Extractor  
  27  2:43  Extractor  
  27  2:44  Drone x3  
  30  2:55  Queen  
  31  3:02  Drone x3  
  36  3:07  Overlord x2  
  36  3:20  Overlord  
  36  3:26  Drone x3  
  39  3:32  Hatchery  
  38  3:37  Zergling x4  
  38  3:39  Drone x2  
  42  3:44  Drone  
  43  3:49  Extractor  
  43  3:50  Drone  
  43  3:52  Roach Warren  
  42  3:59  Drone x2  
  45  4:02  Drone  
  45  4:18  Zergling x2  
  45  4:19  Zergling x8  
  49  4:32  Drone x4  
  49  4:37  Lair  
  53  4:38  Extractor  
  53  4:40  Extractor  
  53  4:45  Drone x3  
  54  4:53  Drone  
  54  4:54  Drone  
  55  5:00  Drone x2  
  55  5:04  Drone  
  56  5:10  Drone x3  
  56  5:12  Drone x5  
  60  5:26  Overlord x3  
  60  5:30  Overlord x2  
  60  5:42  Spire  
  59  5:43  Hydralisk Den, Queen  
  59  5:44  Drone x3  
  59  5:46  Evolution Chamber x2  
  59  5:47  Overlord x3  
  59  5:49  Roach x3  
  67  5:55  Zergling x4  
  69  6:00  Drone  
  69  6:02  Baneling Nest  
  69  6:03  Drone  
  70  6:06  Hatchery  
  69  6:12  Glial Reconstitution  
  69  6:14  Drone x8  
  69  6:17  Extractor  
  69  6:18  Lurker Den, Extractor  
  75  6:24  Zerg Ground Armor Level 1  
  75  6:35  Zerg Melee Weapons Level 1  
  75  6:37  Zergling x14  
  75  6:38  Zergling x2  
  83  6:42  Overlord x2  
  83  6:44  Drone  
  83  6:45  Drone  
  85  6:54  Ravager x3  
  88  6:55  Zergling x12  
  94  7:07  Centrifical Hooks  
  94  7:08  Hydralisk  
  94  7:09  Hydralisk x2  
  94  7:12  Drone x2  
  94  7:13  Drone  
  103  7:15  Hydralisk x2  
  103  7:18  Zergling x4  
  109  7:27  Hydralisk x2, Zergling x2  
  93  8:06  Drone  
  93  8:07  Drone x6  
  93  8:10  Spine Crawler x2  
  93  8:12  Drone x3, Spine Crawler  
  100  8:14  Spore Crawler  
  100  8:16  Drone x2  
  100  8:17  Drone x2  
  100  8:18  Drone x6  
  108  8:25  Lurker x7  
  115  8:37  Drone x3  
  115  8:38  Drone  
  119  8:43  Extractor  
  119  8:47  Extractor  
  117  8:57  Queen  
  117  9:01  Overlord x2, Muscular Augments  
  117  9:02  Overlord  
  119  9:05  Baneling x4  
  119  9:06  Baneling x5  
  119  9:07  Zergling x2  
  119  9:09  Overlord x2  
  120  9:10  Overlord x2  
  120  9:19  Queen  
  120  9:20  Roach x4  
  121  9:43  Mutalisk  
  121  9:44  Mutalisk x2  
  119  9:54  Zergling x2  
  119  9:55  Zergling x6  
  119  10:10  Zergling x2  
  119  10:11  Zergling x24  
  128  10:23  Mutalisk x4  
  128  10:28  Roach x4  
Tags
 
Add a new tag
Caveats
  • Supply blocks, unpowered buildings, or Contaminate may cause inaccurate times.
  • Supply counts are checked every 10 seconds.